Map: Interloper LE

Players

Dòlgand - Winner!

  • Race: Protoss Protoss
  • League: Gold
  • Spawn Location: 11:00

LST

  • Race: Zerg Zerg
  • League: Silver
  • Spawn Location: 5:00

VOD

Have the link to the VOD?

Description

Time

  • Played on: Nov. 1, 2017, 2:55 p.m.
  • Length: 12:01
Show
View Real Time Build Order
Export as new Build Order

Dòlgand Protoss - Winner!

Build Orders: Oracle Opening 

Get SALT Encoding   

  12  0:00  Probe (Chrono Boost)  
  13  0:11  Probe (Chrono Boost)  
  14  0:22  Probe (Chrono Boost)  
  14  0:24  Pylon  
  15  0:33  Assimilator  
  16  0:42  Probe (Chrono Boost)  
  16  0:46  Gateway  
  16  0:53  Probe (Chrono Boost)  
  17  1:01  Pylon  
  17  1:12  Probe (Chrono Boost)  
  19  1:25  Probe (Chrono Boost)  
  19  1:34  Cybernetics Core  
  19  1:43  Probe (Chrono Boost)  
  20  1:54  Probe (Chrono Boost)  
  21  2:04  Forge  
  21  2:05  Probe (Chrono Boost)  
  22  2:15  Pylon  
  22  2:16  Probe (Chrono Boost)  
  22  2:18  Assimilator  
  23  2:32  Nexus  
  23  2:35  Stargate  
  24  2:37  Probe (Chrono Boost)  
  24  2:41  Zealot  
  26  2:47  Probe (Chrono Boost)  
  27  2:55  Assimilator  
  27  2:58  Probe (Chrono Boost)  
  28  3:09  Probe (Chrono Boost)  
  29  3:14  Stalker  
  29  3:15  Photon Cannon  
  31  3:29  Oracle (Chrono Boost)  
  34  3:55  Mothership Core (Chrono Boost)  
  36  4:00  Assimilator  
  36  4:04  Oracle (Chrono Boost)  
  36  4:09  Zealot (Chrono Boost)  
  37  4:37  Sentry (Chrono Boost)  
  39  5:09  Oracle  
  39  5:21  Photon Cannon  
  39  5:24  Pylon  
  39  5:34  Warp Gate (Chrono Boost)  
  39  5:48  Probe  
  40  6:04  Nexus  
  40  6:05  Pylon  
  40  6:08  Pylon  
  40  6:11  Assimilator  
  40  6:32  Oracle  
  43  6:40  Stalker (Chrono Boost)  
  45  6:49  Robotics Facility  
  45  6:53  Twilight Council  
  45  7:08  Oracle  
  45  7:14  Probe  
  49  7:24  Probe  
  50  7:35  Probe  
  51  7:44  Void Ray (Chrono Boost)  
  42  8:17  Zealot  
  44  8:20  Charge  
  44  8:28  Gateway  
  44  8:30  Gateway  
  44  8:43  Void Ray (Chrono Boost)  
  45  8:56  Sentry  
  47  9:54  Pylon  
  47  9:55  Pylon  
  47  9:56  Pylon  
  47  9:59  Protoss Ground Weapons Level 1 (Chrono Boost)  
  33  11:06  Nexus  
  33  11:20  Nexus  
  33  11:21  Zealot  
  39  11:30  Nexus x2  
  38  11:44  Stalker  
  38  11:46  Sentry  
Show
View Real Time Build Order
Export as new Build Order

LST Zerg 

Build Orders: Hatch First 

Get SALT Encoding   

  12  0:02  Drone  
  13  0:13  Overlord  
  13  0:18  Drone  
  14  0:32  Drone  
  14  0:33  Drone  
  16  0:36  Drone  
  17  0:48  Drone  
  18  1:02  Extractor  
  17  1:09  Drone x2  
  19  1:15  Hatchery  
  19  1:18  Overlord  
  18  1:28  Drone  
  19  1:56  Drone  
  20  2:08  Drone x2  
  22  2:09  Spawning Pool  
  21  2:19  Drone  
  22  2:29  Drone  
  24  2:30  Drone  
  24  2:40  Drone x2  
  26  2:51  Overlord  
  26  2:52  Overlord  
  26  3:05  Zergling x4  
  28  3:11  Zergling x4  
  30  3:18  Zergling x2  
  31  3:26  Zergling x2  
  32  3:31  Zergling x2  
  33  3:39  Metabolic Boost  
  32  3:51  Zergling x4  
  32  3:52  Zergling x4  
  37  3:55  Drone  
  37  4:06  Zergling x4  
  37  4:09  Zergling x2  
  40  4:11  Queen x2  
  40  4:17  Zergling x2  
  45  4:27  Zergling x2  
  45  4:44  Zergling x6  
  46  5:04  Extractor, Roach Warren  
  43  5:19  Zergling x2  
  43  5:20  Zergling x10  
  35  5:31  Zergling x4  
  34  5:44  Roach x2  
  38  5:50  Lair  
  38  5:53  Roach  
  38  5:55  Roach  
  42  6:10  Zergling x4  
  44  6:15  Roach x2  
  48  6:23  Queen  
  50  6:26  Roach  
  50  6:43  Roach  
  52  6:47  Overlord x4  
  52  7:10  Hydralisk Den, Roach x3  
  52  7:11  Roach x2  
  61  7:16  Roach  
  61  7:20  Queen  
  61  7:21  Queen  
  67  7:25  Zergling x4  
  65  7:50  Drone x5  
  67  7:55  Drone x2  
  67  8:12  Hydralisk, Zergling x2  
  47  8:40  Hydralisk  
  49  8:48  Drone  
  49  8:57  Hatchery  
  48  9:06  Hatchery  
  47  9:13  Drone x2  
  49  9:43  Drone x4  
  53  9:48  Extractor  
  52  10:27  Queen x2  
  54  11:07  Roach  
  54  11:08  Zergling x2  
  54  11:09  Zergling x8  
  61  11:26  Zergling x4  
  62  11:41  Zergling x2  
Tags
 
Add a new tag
Caveats
  • Supply blocks, unpowered buildings, or Contaminate may cause inaccurate times.
  • Supply counts are checked every 10 seconds.